 Dungeon Crawl Stone Soup version 0.26.1-11-gd32895ea62 (webtiles) character file.

Game seed: 7183701611527856719

52 Almogavar the Vandal (level 4, 0/30 HPs)
             Began as a Halfling Hunter on May 27, 2021.
             Succumbed to an adder's poison
             ... on level 2 of the Dungeon.
             The game lasted 00:02:11 (718 turns).

Almogavar the Vandal (Halfling Hunter)               Turns: 718, Time: 00:02:11

Health: 0/30       AC:  3    Str: 13    XL:     4   Next: 8%
Magic:  4/4        EV: 14    Int:  9    God:
Gold:   59         SH:  0    Dex: 15    Spells: 3/3 levels left

rFire    . . .     SeeInvis .   a - +1 hunting sling
rCold    . . .     Faith    .   (shield restricted)
rNeg     . . .     Spirit   .   c - +0 leather armour
rPois    .         Reflect  .   (no helmet)
rElec    .         Harm     .   (no cloak)
rCorr    .         Rampage  .   (no gloves)
Will     .....                  (no boots)
Stlth    ++........             (no amulet)
HPRegen  0.10/turn              (no ring)
MPRegen  0.09/turn              (no ring)

@: lethally poisoned (0 -> -9)
A: small, mutation resistance 1
a: no special abilities


You were on level 2 of the Dungeon.
You visited 1 branch of the dungeon, and saw 2 of its levels.

You collected 59 gold pieces.

Inventory:

Hand Weapons
 a - a +1 hunting sling (weapon)
 b - a +0 short sword
Missiles
 d - 9 sling bullets (quivered ammo)
 e - 25 stones
Armour
 c - a +0 leather armour (worn)
 g - a +0 helmet
Scrolls
 i - a scroll of amnesia
 m - 2 scrolls of remove curse {unknown}
Potions
 j - 3 potions of invisibility {unknown}
 k - a potion of cancellation {unknown}
 l - a potion of flight {unknown}
 n - a potion of magic {unknown}


   Skills:
 + Level 2.3 Fighting
 + Level 7.3 Slings
 + Level 2.2 Dodging
 + Level 1.1 Stealth


You had 3 spell levels left.
You didn't know any spells.
Your spell library was empty.

Dungeon Overview and Level Annotations

Branches:
Dungeon (2/15)

Altars:


Innate Abilities, Weirdness & Mutations

You are small and have problems with some larger weapons.
You are somewhat resistant to further mutation.


Message History

* * * LOW HITPOINT WARNING * * *
You feel sick. The bat misses you.
A leopard gecko comes into view.
The bat barely misses you. The adder bites you.
* * * LOW HITPOINT WARNING * * *
You are more poisoned.
The adder poisons you!
* * * LOW HITPOINT WARNING * * *
You feel sick. The bat barely misses you. The adder barely misses you.
* * * LOW HITPOINT WARNING * * *
You feel sick. The bat hits you but does no damage. The adder bites you.
* * * LOW HITPOINT WARNING * * *
The hobgoblin misses you. The bat barely misses you.
The adder barely misses you.
The hobgoblin hits you but does no damage.
The adder bites you.
* * * LOW HITPOINT WARNING * * *
You are more poisoned.
The adder poisons you!
You die...

#. #.. ....... #..
#.... ....... #...
#...# ........ #...##
#!..##........
#.#...###............
...l.................
#...........##.......
.......@.....<...?...
.......gS....†###....
............#........
.......b([...........
..........(...#######
.........((....($#
..........#.##.#(#
......(....#.!#..(.
..#####..# ##.#.(..#


You could see an adder, a leopard gecko (wandering), a hobgoblin and a bat.

Vanquished Creatures
  An adder (D:2)
  An ooze (D:1)
  A worm (D:2)
  A dart slug (D:1)
  2 giant cockroaches (D:1)
  5 goblins
  8 hobgoblins
  2 jackals (D:1)
  3 kobolds (D:1)
  A quokka (D:2)
  3 bats (D:1)
  2 rats (D:1)
30 creatures vanquished.

Notes
Turn   | Place    | Note
-------+----------+-------------------------------------------
     0 | D:1      | Almogavar the Halfling Hunter began the quest for the Orb.
     0 | D:1      | Reached XP level 1. HP: 14/14 MP: 1/1
    13 | D:1      | Reached skill level 6 in Slings
    33 | D:1      | Reached XP level 2. HP: 19/19 MP: 2/2
   137 | D:1      | Reached XP level 3. HP: 24/24 MP: 3/3
   240 | D:1      | Reached skill level 7 in Slings
   695 | D:2      | Reached XP level 4. HP: 17/29 MP: 4/4
   717 | D:2      | HP: 1/30 [adder (1)]
   718 | D:2      | Succumbed to an adder's poison

Illustrated notes

Levels and vault maps discovered:
D:1:      grunt_arrival_lava_bath, layout_basic, serial_bayou_pond_e,
          chequers_serial_rivers_micro_a, minmay_pentomino_u4
D:2:      layout_rooms, bloody_trog, minmay_small_reverse_x

Skill      XL: |  1  2  3 |
---------------+----------+-----
Slings         | 6 7 |  7.3
Fighting       | 2 |  2.3
Dodging        | |  2.2
Stealth        | |  1.1

Action                   |  1- 3 |  4- 6 || total
-------------------------+-------+-------++-------
 Fire: Hunting sling     |    77 |     8 ||    85
  Use: Scroll            |     2 |       ||     2
Armor: Leather armour    |     6 |     4 ||    10
Dodge: Dodged            |    16 |    15 ||    31
